 Dungeon Crawl Stone Soup version 0.29.1-13-g9f3cf754e1 (webtiles) character file.

Game seed: 14903570551536703492

6984 leafyfresh the Covert (level 11, -1/89 HPs)
             Began as a Gnoll Delver on Feb 3, 2023.
             Was a Plaything of Xom.
             Slain by a slime creature (12 damage)
             ... on level 13 of the Dungeon.
             The game lasted 00:44:52 (14633 turns).

leafyfresh the Covert (Gnoll Delver)               Turns: 14633, Time: 00:44:53

Health: -1/89      AC:  9    Str: 15    XL:     11   Next: 8%
Magic:  25/29      EV: 16    Int: 13    God:    Xom [.*....]
Gold:   642        SH:  0    Dex: 17    Spells: 2/22 levels left

rFire   . . .      SeeInvis +   t - +5 hand axe of Gesei {vorpal, Will+ Int+2 SInv}
rCold   . . .      Faith    .   z - orb {*channel}
rNeg    + . .      Spirit   .   o - +1 steam dragon scales
rPois   .          Reflect  .   (helmet restricted)
rElec   .          Harm     .   H - +2 cloak
rCorr   .          Rampage  .   (no gloves)
Will    +....      Clarity  +   K - +0 pair of boots
Stlth   +++++.....              (no amulet)
HPRegen 0.24/turn               v - +6 ring of strength
MPRegen 0.21/turn               s - ring "Veacat" {rN+ MP+9}

@: cleaving
A: fangs 1, strong nose, distributed training, hooves 2, horns 1, clarity,
deformed body, sense surroundings 1, weak 1
a: Renounce Religion


You were on level 13 of the Dungeon.
You worshipped Xom.
You were a plaything of Xom.
You visited 1 branch of the dungeon, and saw 13 of its levels.
You visited 1 bazaar.

You collected 642 gold pieces.

Inventory:

Hand Weapons
 t - the +5 hand axe of Gesei (weapon) {vorpal, Will+ Int+2 SInv}
   (You found it on level 6 of the Dungeon)

   It inflicts extra damage upon your enemies.
   Int:       It affects your intelligence (+2).
   SInv:      It lets you see invisible.
   Will:      It increases your willpower.
 u - a +6 dire flail of protection
 G - a +3 quarterstaff of chaos
Missiles
 k - 2 throwing nets
 M - a curare-tipped dart (quivered)
Armour
 b - a +0 leather armour
 o - +1 steam dragon scales (worn)
 p - a +0 chain mail
 z - an orb of energy (worn)
 H - a +2 cloak (worn)
 K - a +0 pair of boots (worn)
 O - a +0 troll leather armour
Magical Staves
 r - a staff of fire
 L - a staff of poison
Jewellery
 s - the ring "Veacat" (right hand) {rN+ MP+9}
   (You found it on level 11 of the Dungeon)

   [ring of magical power]

   rN:        It protects you from negative energy.
   MP:        It affects your magic capacity (+9).
 v - a +6 ring of strength (left hand)
 N - a ring of flight
Wands
 a - a wand of flame (37)
 g - a wand of digging (3)
 l - a wand of paralysis (5)
 m - a wand of polymorph (17)
 F - a wand of acid (6)
Scrolls
 c - 6 scrolls of fog
 d - 2 scrolls of magic mapping
 j - 2 scrolls of immolation
 y - a scroll of summoning
 A - a scroll of noise
 B - a scroll of silence
Potions
 f - 4 potions of haste
 i - a potion of curing
 n - 2 potions of cancellation
 q - 2 potions of attraction
 w - 2 potions of ambrosia
 x - 2 potions of resistance {unknown}
 D - a potion of magic {unknown}
 E - a potion of brilliance
 I - 3 potions of flight
 J - 2 potions of lignification {unknown}


   Skills:
 + Level 9.1 Fighting
 + Level 6.1 Short Blades
 + Level 6.1 Long Blades
 + Level 6.1 Axes
 + Level 6.1 Maces & Flails
 + Level 7.7 Polearms
 + Level 6.1 Staves
 + Level 6.1 Ranged Weapons
 + Level 6.1 Throwing
 + Level 6.1 Armour
 + Level 7.7 Dodging
 + Level 11.3 Stealth
 + Level 6.1 Shields
 + Level 6.1 Unarmed Combat
 + Level 6.1 Spellcasting
 + Level 5.1 Conjurations
 + Level 5.1 Hexes
 + Level 5.1 Summonings
 + Level 5.1 Necromancy
 + Level 5.1 Translocations
 + Level 5.1 Transmutations
 + Level 5.1 Fire Magic
 + Level 5.1 Ice Magic
 + Level 5.1 Air Magic
 + Level 5.1 Earth Magic
 + Level 5.1 Poison Magic
 + Level 6.7 Invocations
 + Level 6.1 Evocations


You had 2 spell levels left.
You knew the following spells:

 Your Spells              Type           Power      Damage    Failure   Level
a - Vampiric Draining     Necr           17%        2d7       6%          3
b - Ice Form              Ice/Tmut       17%        N/A       21%         4
c - Slow                  Hex            68%        N/A       1%          1
d - Passage of Golubria   Tloc           17%        N/A       21%         4
e - Leda's Liquefaction   Hex/Erth       8%         N/A       21%         4
f - Corpse Rot            Necr/Pois/Air  17%        N/A       21%         4

Your spell library contained the following spells:

 Spells                   Type           Power      Damage    Failure   Level
 Poisonous Vapours        Pois/Air       34%        N/A       3%          2
 Call Canine Familiar     Summ           17%        N/A       6%          3
 Confusing Touch          Hex            17%        N/A       6%          3
 Portal Projectile        Hex/Tloc       34%        N/A       6%          3
 Tukima's Dance           Hex            17%        N/A       6%          3
 Hailstorm                Conj/Ice       17%        3d6       21%         4
 Yara's Violent Unravell  Hex/Tmut       8%         3d5       50%         5
 Simulacrum               Ice/Necr       8%         N/A       97%         6


Dungeon Overview and Level Annotations

Branches:
Dungeon (13/15)            Temple (0/1) D:7            Lair (0/5) D:8
    Orc: D:9-12      Vaults: D:13-14

Altars:
Cheibriados
Fedhas
Gozag
Hepliaklqana
Nemelex Xobeh
Okawaru
Qazlal
Sif Muna
Trog
Vehumet
Wu Jian
Xom
Zin

Shops:
D:4 [   D:7 (   D:10 !

Portals:
Abyss: D:10
Trove: D:10 (give 7 potions of haste)

Annotations:
D:8 3 runed translucent doors, javelincjr's ghost, novice GrEE
D:9 2 transporters, exclusions: ice statue and oklob plant, nshep25's ghost, journeyman MiFi
D:10 2 transporters, styxcanada's ghost, novice SpBr
D:13 Kirke


Innate Abilities, Weirdness & Mutations

You have very sharp teeth.
Your uncanny sense of smell can sniff out nearby items.
Your experience applies equally to all skills.
You have hoof-like feet.
You have a pair of small horns on your head.
You possess an exceptional clarity of mind.
Armour fits poorly on your strangely shaped body.
You passively map a small area around you.
You are weak. (Str -2)


Message History

You bite the slime creature, but do no damage.
The slime creature is heavily wounded.
Your miasmic aura fades.
The slime creature hits you but does no damage.
You completely miss the slime creature. You bite the slime creature.
The slime creature is heavily wounded.
The slime creature completely misses you.
You slash the slime creature!
The slime creature is heavily wounded.
The slime creature hits you.
* * * LOW HITPOINT WARNING * * *
You hit the slime creature.
You headbutt the slime creature, but do no damage.
You bite the slime creature, but do no damage.
The slime creature is heavily wounded.
The slime creature barely misses you.
You hit the slime creature.
The slime creature is severely wounded.
The slime creature hits you but does no damage.
You hit the slime creature.
The slime creature is almost dead.
The slime creature completely misses you.
You hit the slime creature but do no damage.
The slime creature is severely wounded.
The slime creature hits you.
* * * LOW HITPOINT WARNING * * *
You barely miss the slime creature.
The slime creature is severely wounded.
The slime creature hits you.
* * * LOW HITPOINT WARNING * * *
You hit the slime creature. You headbutt the slime creature.
The slime creature is almost dead.
The slime creature closely misses you.
Unknown command.
You barely miss the slime creature.
You bite the slime creature, but do no damage.
The slime creature is almost dead.
The ground is no longer liquid beneath you.
The slime creature hits you!
You die...

* ##. , , , .#.
#..,* ,, * ....
..#* ## * ,
.....##.# W. * ,
.....#..##.# * ,
, * ,
.C.........#* *
* , , ,#..##* ,
* , #...# *
∆......#@# **,
....#J#J.......
,
.....#..........
..J. J..##..#...
* *#.. ..# ..#
.. * #..,##.
,,..# ,,, * ,**
#., ,.. * , ,.,
∆ ... * * ,,,


You could see a slime creature.

Vanquished Creatures
  A two-headed ogre (D:11)
  A yaktaur (D:12)
  2 trolls
  2 hornets (D:10)
  A polar bear (D:11)
  2 wraiths
  A yak (shapeshifter) (D:12)
  3 yaks (D:12)
  A wyvern (D:8)
  A basilisk (D:12)
  A steam dragon (D:7)
  A floating eye (shapeshifter) (D:9)
  An acid dragon (D:11)
  2 orc warriors (D:9)
  3 sky beasts (D:7)
  An ogre (D:3)
  3 centaurs
  A phantom (D:6)
  Blork the orc (D:4)
  3 kobold brigands
  4 bullfrogs
  2 necrophages
  A gnoll sergeant (D:9)
  A scorpion (D:5)
  5 wights (D:7)
  2 killer bees (D:9)
  7 howler monkeys
  2 orc priests (D:5)
  A hound (D:4)
  A gnoll bouda (D:5)
  Crazy Yiuf (D:2)
  Terence (D:2)
  Jessica (D:2)
  4 iguanas
  Natasha (thrice) (D:4)
  9 orc wizards
  14 gnolls
  6 adders
  A shadow imp (D:7)
  A white imp (D:7)
  2 ufetubi
  3 worms
  3 dart slugs
  26 orcs
  9 ball pythons
  3 bats
  9 endoplasms
  4 giant cockroaches
  10 goblins
  10 hobgoblins
  14 kobolds
  4 quokkas
  5 frilled lizards
  3 rats
204 creatures vanquished.

Vanquished Creatures (collateral kills)
  A hornet (D:9)
  Eustachio (D:6)
  A ynoxinul (D:10)
  A gnoll (D:9)
  4 orcs (D:6)
8 creatures vanquished.

Vanquished Creatures (others)
  A two-headed ogre (D:11)
  A gnoll (D:9)
2 creatures vanquished.

Grand Total: 214 creatures vanquished

Notes
Turn   | Place    | Note
-------+----------+-------------------------------------------
     0 | D:5      | Reached skill level 9 in Stealth
     0 | D:5      | leafyfresh the Gnoll Delver began the quest for the Orb.
     0 | D:5      | Reached XP level 1. HP: 23/23 MP: 1/1
    40 | D:5      | Found a shimmering altar of Xom.
   109 | D:5      | Noticed an ogre
   164 | D:5      | Became a worshipper of Xom of Unknown Intent
   209 | D:5      | Noticed an iguana
   212 | D:5      | XOM: potion effect (haste)
   222 | D:5      | Reached XP level 2. HP: 28/29 MP: 2/2
   245 | D:5      | XOM: torment (16/29 hp)
   254 | D:5      | Reached skill level 1 in Invocations
   254 | D:5      | Reached XP level 3. HP: 20/35 MP: 2/4
   258 | D:5      | You fall into a shaft and drop 3 floors!
   377 | D:8      | XOM: god gift: 7 gold pieces
   412 | D:8      | Noticed a yak
   507 | D:7      | Found a sparkling altar of Nemelex Xobeh.
   543 | D:6      | Noticed Eustachio
   566 | D:6      | Killed Eustachio
   567 | D:6      | Reached skill level 1 in Short Blades
   567 | D:6      | Reached skill level 1 in Long Blades
   567 | D:6      | Reached skill level 1 in Axes
   567 | D:6      | Reached skill level 1 in Maces & Flails
   567 | D:6      | Reached skill level 1 in Staves
   567 | D:6      | Reached skill level 1 in Ranged Weapons
   567 | D:6      | Reached skill level 1 in Throwing
   567 | D:6      | Reached skill level 1 in Armour
   567 | D:6      | Reached skill level 1 in Shields
   567 | D:6      | Reached skill level 1 in Unarmed Combat
   567 | D:6      | Reached skill level 1 in Spellcasting
   567 | D:6      | Reached skill level 1 in Conjurations
   567 | D:6      | Reached skill level 1 in Hexes
   567 | D:6      | Reached skill level 1 in Summonings
   567 | D:6      | Reached skill level 1 in Necromancy
   567 | D:6      | Reached skill level 1 in Translocations
   567 | D:6      | Reached skill level 1 in Transmutations
   567 | D:6      | Reached skill level 1 in Fire Magic
   567 | D:6      | Reached skill level 1 in Ice Magic
   567 | D:6      | Reached skill level 1 in Air Magic
   567 | D:6      | Reached skill level 1 in Earth Magic
   567 | D:6      | Reached skill level 1 in Poison Magic
   567 | D:6      | Reached skill level 1 in Evocations
   567 | D:6      | Reached XP level 4. HP: 32/41 MP: 4/6
   567 | D:6      | Reached XP level 5. HP: 36/47 MP: 4/7
   697 | D:6      | XOM: god gift: staff of fire
   815 | D:6      | Noticed a phantom
   830 | D:7      | Noticed a steam dragon
   834 | D:7      | Noticed a sky beast
   858 | D:6      | Identified the +5 hand axe of Gesei {vorpal, Will+ Int+2
                  | SInv}
   870 | D:6      | Reached XP level 6. HP: 24/53 MP: 8/8
   876 | D:6      | XOM: destruction
   881 | D:6      | XOM: 3-stop teleportation journey
   909 | D:6      | XOM: god gift: book of Debilitation
   922 | D:6      | Reached skill level 5 in Polearms
   922 | D:6      | Reached skill level 5 in Dodging
   936 | D:6      | XOM: cloud trail
  1150 | D:5      | XOM: divination: detect items
  1213 | D:4      | XOM: stealth player
  1652 | D:1      | Found a faded altar of an unknown god.
  1654 | D:1      | Noticed a shining eye
  1664 | D:1      | Noticed a floating eye
  2057 | D:1      | Noticed a golden eye
  2057 | D:1      | Noticed a floating eye
  2764 | D:2      | Found a runed translucent door.
  2765 | D:2      | Noticed Crazy Yiuf
  2855 | D:2      | Reached XP level 7. HP: 59/59 MP: 10/10
  2956 | D:2      | XOM: give mutations
  2956 | D:2      | Gained mutation: You occasionally lose the ability to read
                  | scrolls when taking damage. [Xom's mischief]
  2956 | D:2      | Gained mutation: A frigid envelope surrounds you and
                  | freezes all who hurt you. [Xom's mischief]
  3062 | D:2      | XOM: cloud trail
  3087 | D:2      | Noticed Terence
  3092 | D:2      | Killed Terence
  3196 | D:2      | Noticed Jessica
  3205 | D:2      | Killed Jessica
  3348 | D:2      | Killed Crazy Yiuf
  3464 | D:3      | Found a snail-covered altar of Cheibriados.
  3552 | D:3      | Found a hazy altar of Hepliaklqana.
  3856 | D:3      | XOM: 6-stop teleportation journey
  3985 | D:3      | XOM: divination: detect creatures
  4202 | D:4      | Found a blossoming altar of Fedhas.
  4211 | D:4      | Noticed Blork the orc
  4219 | D:4      | Killed Blork the orc
  4220 | D:4      | Reached skill level 10 in Stealth
  4365 | D:4      | Noticed Natasha
  4371 | D:4      | Killed Natasha
  4400 | D:4      | Found Pioraij's Armour Boutique.
  4489 | D:4      | XOM: cloud trail
  4509 | D:4      | Noticed Natasha
  4515 | D:4      | Killed Natasha
  4545 | D:4      | Found a stormy altar of Qazlal.
  4603 | D:4      | XOM: god gift: plate armour {god gift}
  4637 | D:4      | Noticed Natasha
  4648 | D:4      | Killed Natasha
  4685 | D:4      | XOM: cloud trail
  4880 | D:4      | XOM: give mutations
  4880 | D:4      | Gained mutation: Your muscles are strong. (Str +4, Int/Dex
                  | -1) [Xom's grace]
  4880 | D:4      | Gained mutation: You expend magic power (3 MP) to
                  | strengthen your wands. [Xom's grace]
  4880 | D:4      | Gained mutation: You have a pair of small antennae on your
                  | head. [Xom's grace]
  4909 | D:5      | XOM: god gift: ring mail {god gift}
  4915 | D:5      | Reached XP level 8. HP: 67/67 MP: 12/12
  4923 | D:5      | Found an ornate altar of the Wu Jian Council.
  5153 | D:5      | Found a glowing silver altar of Zin.
  5228 | D:5      | XOM is BORED!
  5237 | D:5      | Found an opulent altar of Gozag.
  5359 | D:5      | XOM: noise
  5565 | D:5      | XOM: silly message
  5657 | D:6      | Learned a level 3 spell: Vampiric Draining
  5684 | D:6      | XOM: silly message
  5950 | D:6      | XOM: divination: detect creatures
  6043 | D:7      | XOM: summons friendly iron imp
  6306 | D:6      | Lost mutation: You expend magic power (3 MP) to strengthen
                  | your wands. [potion of mutation]
  6306 | D:6      | Lost mutation: A frigid envelope surrounds you and freezes
                  | all who hurt you. [potion of mutation]
  6306 | D:6      | Lost mutation: You have a pair of small antennae on your
                  | head. [potion of mutation]
  6306 | D:6      | Lost mutation: Your muscles are strong. (Str +4, Int/Dex
                  | -1) [potion of mutation]
  6306 | D:6      | Gained mutation: You have supernaturally acute eyesight.
                  | (SInv) [potion of mutation]
  6306 | D:6      | Gained mutation: You have sharp toenails. [potion of
                  | mutation]
  6306 | D:6      | Gained mutation: You are agile. (Dex +4, Str/Int -1)
                  | [potion of mutation]
  6307 | D:6      | Lost mutation: You are agile. (Dex +4, Str/Int -1) [potion
                  | of mutation]
  6307 | D:6      | Lost mutation: You have supernaturally acute eyesight.
                  | (SInv) [potion of mutation]
  6307 | D:6      | Gained mutation: You are weak. (Str -2) [potion of
                  | mutation]
  6307 | D:6      | Gained mutation: Your mind is acute. (Int +4, Str/Dex -1)
                  | [potion of mutation]
  6307 | D:6      | Gained mutation: You occasionally shout uncontrollably at
                  | your foes. [potion of mutation]
  6307 | D:6      | Gained mutation: You are agile. (Dex +4, Str/Int -1)
                  | [potion of mutation]
  6308 | D:6      | Lost mutation: You occasionally shout uncontrollably at
                  | your foes. [potion of mutation]
  6308 | D:6      | Lost mutation: Your mind is acute. (Int +4, Str/Dex -1)
                  | [potion of mutation]
  6308 | D:6      | Gained mutation: You possess an exceptional clarity of
                  | mind. [potion of mutation]
  6308 | D:6      | Lost mutation: You are agile. (Dex +4, Str/Int -1) [potion
                  | of mutation]
  6309 | D:6      | Lost mutation: You occasionally lose the ability to read
                  | scrolls when taking damage. [potion of mutation]
  6309 | D:6      | Lost mutation: You have sharp toenails. [potion of
                  | mutation]
  6309 | D:6      | Gained mutation: Armour fits poorly on your strangely
                  | shaped body. [potion of mutation]
  6316 | D:7      | XOM: enchant monster (bad)
  6342 | D:7      | XOM: confuse monster(s)
  6472 | D:7      | Found a staircase to the Ecumenical Temple.
  6526 | D:7      | Reached XP level 9. HP: 73/73 MP: 14/14
  6556 | D:7      | XOM: noise
  6577 | D:7      | HP: 2/72 [wight/+3 scimitar of distortion (16)]
  6577 | D:7      | Xom revived you
  6865 | D:7      | Found Geips's Weapon Boutique.
  7142 | D:8      | Found a runed translucent gate.
  7142 | D:8      | Found a runed translucent gate.
  7142 | D:8      | Found a runed translucent gate.
  7143 | D:8      | Noticed javelincjr's ghost (novice GrEE)
  7280 | D:8      | XOM: divination: detect items
  7590 | D:8      | XOM: enchant monster (good)
  7820 | D:8      | XOM: silly message
  7871 | D:8      | Found a staircase to the Lair.
  7871 | D:8      | Noticed a death yak
  7873 | D:8      | Noticed a death yak
  7874 | D:8      | Noticed a death yak
  7874 | D:8      | Noticed a death yak
  7881 | D:8      | Noticed a death yak
  7881 | D:8      | Noticed a death yak
  7901 | D:8      | XOM: draining
  7917 | D:8      | XOM: 1-stop teleportation journey
  7962 | D:9      | XOM: potion effect (curing)
  8196 | D:9      | Found a transporter.
  8203 | D:9      | Noticed nshep25's ghost (journeyman MiFi)
  8206 | D:9      | Noticed an oklob plant
  8211 | D:9      | Noticed an ice statue
  8214 | D:9      | Noticed a two-headed ogre
  8214 | D:9      | Noticed a purple ugly thing
  8219 | D:9      | Noticed a hornet
  8223 | D:9      | Noticed a two-headed ogre
  8249 | D:9      | Reached skill level 5 in Invocations
  8327 | D:9      | XOM: cleaving
  8351 | D:9      | XOM: swap monsters
  8352 | D:9      | XOM: silly message
  8376 | D:9      | XOM: summons friendly red devil
  8418 | D:9      | Paralysed by a hornet for 3 turns
  8419 | D:9      | XOM: smoke on damage
  8421 | D:9      | Killed a hornet
  8877 | D:9      | XOM: god gift: chain mail {god gift}
  8898 | D:9      | Reached skill level 5 in Short Blades
  8898 | D:9      | Reached skill level 5 in Long Blades
  8898 | D:9      | Reached skill level 5 in Axes
  8898 | D:9      | Reached skill level 5 in Maces & Flails
  8898 | D:9      | Reached skill level 5 in Staves
  8898 | D:9      | Reached skill level 5 in Ranged Weapons
  8898 | D:9      | Reached skill level 5 in Throwing
  8898 | D:9      | Reached skill level 5 in Armour
  8898 | D:9      | Reached skill level 5 in Shields
  8898 | D:9      | Reached skill level 5 in Unarmed Combat
  8898 | D:9      | Reached skill level 5 in Spellcasting
  8898 | D:9      | Reached skill level 5 in Evocations
  8898 | D:9      | Reached XP level 10. HP: 57/81 MP: 17/17
  9035 | D:9      | Found a transporter.
  9039 | D:9      | Noticed a glowing shapeshifter
  9039 | D:9      | a killer bee changed into a glowing shapeshifter
  9039 | D:9      | XOM: polymorph killer bee -> glowing shapeshifter
  9039 | D:9      | Noticed an anaconda
  9039 | D:9      | a glowing shapeshifter changed into an anaconda
  9052 | D:9      | Noticed a fire dragon
  9054 | D:9      | Noticed a great orb of eyes
  9054 | D:9      | a fire dragon changed into a great orb of eyes
  9057 | D:10     | Entered Level 10 of the Dungeon
  9059 | D:9      | XOM: summons friendly shadow imp
  9059 | D:9      | Noticed a boulder beetle
  9059 | D:9      | a great orb of eyes changed into a boulder beetle
  9061 | D:9      | Noticed a great orb of eyes
  9061 | D:9      | a boulder beetle changed into a great orb of eyes
  9067 | D:9      | XOM: cloud trail
  9349 | D:9      | Noticed a shock serpent
  9351 | D:9      | Noticed a water nymph
  9351 | D:9      | a shock serpent changed into a water nymph
  9355 | D:9      | Noticed an elephant
  9355 | D:9      | a water nymph changed into an elephant
  9356 | D:9      | XOM: divination: detect items
  9358 | D:9      | XOM: confuse monster(s)
  9364 | D:9      | Noticed a lindwurm
  9364 | D:9      | an elephant changed into a lindwurm
  9366 | D:9      | Noticed a mana viper
  9366 | D:9      | a lindwurm changed into a mana viper
  9369 | D:9      | a mana viper changed into a floating eye
  9794 | D:10     | XOM: 1-stop teleportation journey
  9843 | D:10     | XOM: cast spell 'Statue Form'
 10023 | D:10     | Found a transporter.
 10040 | D:10     | Noticed a toenail golem
 10045 | D:10     | Noticed a wizard
 10052 | D:10     | Noticed a wizard
 10071 | D:10     | Reached skill level 11 in Stealth
 10159 | D:10     | Found a portal to a secret trove of treasure.
 10182 | D:10     | Found a one-way gate to the infinite horrors of the Abyss.
 10188 | D:10     | Noticed styxcanada's ghost (novice SpBr)
 10277 | D:10     | XOM: fog
 10309 | D:10     | Found a transporter.
 10334 | D:10     | Found a radiant altar of Vehumet.
 10361 | D:10     | Found an iron altar of Okawaru.
 10372 | D:10     | Found a bloodstained altar of Trog.
 10379 | D:10     | XOM: cast spell 'Call Canine Familiar'
 10469 | D:10     | Found a shimmering blue altar of Sif Muna.
 10473 | D:10     | Got Sif Muna's Grimoire of the Welkin and Pollution
 10514 | D:10     | XOM: god gift: 28 gold pieces
 10521 | D:10     | Learned a level 4 spell: Ice Form
 10535 | D:10     | XOM: god gift: 8 gold pieces
 10610 | D:10     | XOM: scenery: create altars
 10673 | D:10     | XOM: polymorph gnoll sergeant -> bullfrog
 10685 | D:10     | Found Tyusikae's Distillery.
 11039 | D:11     | Noticed a two-headed ogre
 11043 | D:11     | Found a flickering gateway to a bazaar.
 11049 | Bazaar   | Entered a bazaar
 11242 | Bazaar   | Found Tapp's Antique Armour Emporium.
 11243 | Bazaar   | Found Seime Bopi's Antique Weapon Shoppe.
 11270 | Bazaar   | Found Qedeh's Antique Weapon Boutique.
 11270 | Bazaar   | Found Sanerrek's Magic Scroll Shop.
 11283 | Bazaar   | XOM: give mutations
 11283 | Bazaar   | Gained mutation: You have large cloven feet. [Xom's grace]
 11283 | Bazaar   | Gained mutation: You have hoof-like feet. [Xom's grace]
 11283 | Bazaar   | Gained mutation: You have a pair of small horns on your
                  | head. [Xom's grace]
 11283 | Bazaar   | Gained mutation: You passively map a small area around you.
                  | [Xom's grace]
 11288 | Bazaar   | Found Uruwau's General Store.
 11466 | D:11     | XOM: divination: detect creatures
 11586 | D:11     | XOM: scenery: summon butterflies
 11606 | D:11     | Noticed a two-headed ogre
 11611 | D:11     | XOM: enchant monster (good)
 11615 | D:11     | XOM: cast spell 'Disjunction'
 11630 | D:11     | Killed a two-headed ogre
 11917 | D:11     | XOM: polymorph troll -> polar bear
 11986 | D:11     | XOM: 3-stop teleportation journey
 12029 | D:11     | Identified the ring "Veacat" {rN+ MP+9}
 12112 | D:11     | XOM: divination: detect creatures
 12128 | D:11     | XOM: god gift: wand of acid (6)
 12133 | D:11     | XOM: summons 1 hostile demon
 12218 | D:11     | XOM: 5-stop teleportation journey
 12503 | D:11     | XOM: god gift: ring mail {god gift}
 12539 | D:11     | Learned a level 1 spell: Slow
 12955 | D:11     | XOM: enchant monster (good)
 13031 | D:11     | Killed a two-headed ogre
 13512 | D:12     | Noticed a four-headed hydra
 13608 | D:12     | XOM: potion effect (brilliance)
 13613 | D:12     | XOM: fake destruction
 13618 | D:12     | XOM: cast spell 'Summon Small Mammal'
 13893 | D:12     | XOM is BORED!
 13893 | D:12     | XOM: torment (47/82 hp)
 13902 | D:12     | XOM: stat loss: -1 Str (14/15)
 14055 | D:12     | Learned a level 4 spell: Passage of Golubria
 14070 | D:12     | Learned a level 4 spell: Leda's Liquefaction
 14075 | D:12     | Learned a level 4 spell: Corpse Rot
 14078 | D:12     | Noticed a green ugly thing
 14079 | D:12     | XOM: enchant monster (good)
 14082 | D:12     | Noticed an unseen horror
 14084 | D:12     | XOM: cleaving
 14085 | D:12     | Noticed a boulder beetle
 14088 | D:12     | XOM: fog
 14164 | D:12     | XOM: confuse monster(s)
 14239 | D:12     | Reached skill level 5 in Conjurations
 14239 | D:12     | Reached skill level 5 in Hexes
 14239 | D:12     | Reached skill level 5 in Summonings
 14239 | D:12     | Reached skill level 5 in Necromancy
 14239 | D:12     | Reached skill level 5 in Translocations
 14239 | D:12     | Reached skill level 5 in Transmutations
 14239 | D:12     | Reached skill level 5 in Fire Magic
 14239 | D:12     | Reached skill level 5 in Ice Magic
 14239 | D:12     | Reached skill level 5 in Air Magic
 14239 | D:12     | Reached skill level 5 in Earth Magic
 14239 | D:12     | Reached skill level 5 in Poison Magic
 14239 | D:12     | Reached XP level 11. HP: 50/89 MP: 20/20
 14247 | D:12     | XOM: summons 3 friendly demons
 14295 | D:12     | XOM: fog
 14365 | D:12     | XOM: 1-stop teleportation journey
 14529 | D:13     | XOM: god gift: 9 gold pieces
 14600 | D:13     | Noticed a six-headed hydra
 14607 | D:13     | Noticed Kirke
 14612 | D:13     | Noticed a lindwurm
 14612 | D:13     | XOM: cleaving
 14618 | D:13     | XOM: enchant monster (good)
 14621 | D:13     | Noticed a cyclops
 14633 | D:13     | Slain by a slime creature

Illustrated notes

Levels and vault maps discovered:
D:1:      psy_arrival_statuary, layout_basic,
          hellmonk_ecumenical_altar_watching_god, serial_rivers,
          chequers_serial_rivers_small_b, chequers_serial_rivers_marsh,
          chequers_serial_rivers_large_a, chequers_serial_rivers_micro_d,
          chequers_serial_rivers_room_a
D:2:      layout_loops_ring, uniq_crazy_yiuf_cottage, uniq_terence, uniq_jessica
D:3:      layout_basic, kennysheep_slug_shrine, mainiacjoe_overflow_24_doors,
          nicolae_figureground_sparkle
D:4:      layout_basic, grunt_qazlal_clouds, fedhas_altar_2, serial_shops,
          nicolae_lakefront_shop, uniq_natasha, uniq_blork_the_orc
D:5:      layout_basic, mainiacjoe_overflow_alcove_2,
          mainiacjoe_overflow_boulevard, lemuel_coloured_pillars_altar, tgw_xom,
          nicolae_kite_square_tiling_tiny, nicolae_fountain_basement
D:6:      layout_basic, hangedman_abyss_or_decor_passed, uniq_eustachio
D:7:      layout_rooms, mainiacjoe_overflow_six_doors_small,
          minmay_temple_entry_mini_moons, serial_shops, nicolae_shop_waterfront
D:8:      layout_cave_pods, nicolae_ru_path_of_blood, dpeg_lair_monsters,
          ebering_ghost_rock_garden, uniq_maurice
D:9:      layout_rooms, nzn_ghost_randoct, blue_anna_alchemist
D:10:     layout_loops_cross, nicolae_vehumet_altar_sigil,
          nzn_overflow_gifts_of_might_and_magic, okawaru_gym_becter,
          enter_trove_1, gammafunk_ghost_abyssal_escape, serial_shops,
          nicolae_shop_statue_plus, st_stairs_12
D:11:     layout_loops_ring, serial_shops, freezing_bzr
D:12:     minmay_outward_triangles, layout_long_grid, david_orc_5,
          uniq_josephine
D:13:     layout_rooms, skrybe_vaults_entry_preservation, serial_shops, shop,
          reono_crystal_passage, grunt_decor_arrowhead, uniq_kirke, uniq_sonja

Skill      XL: |  1  2  3  4  5  6  7  8  9 10 |
---------------+-------------------------------+-----
Stealth        | 10 11 | 11.3
Invocations    | 1 2 3 4 5 6 |  6.7
Short Blades   | 1 2 3 5 6 |  6.1
Long Blades    | 1 2 3 5 6 |  6.1
Axes           | 1 2 3 5 6 |  6.1
Maces & Flails | 1 2 3 5 6 |  6.1
Staves         | 1 2 3 5 6 |  6.1
Ranged Weapons | 1 2 3 5 6 |  6.1
Throwing       | 1 2 3 5 6 |  6.1
Armour         | 1 2 3 5 6 |  6.1
Shields        | 1 2 3 5 6 |  6.1
Unarmed Combat | 1 2 3 5 6 |  6.1
Spellcasting   | 1 2 3 5 6 |  6.1
Conjurations   | 1 2 3 4 5 |  5.1
Hexes          | 1 2 3 4 5 |  5.1
Summonings     | 1 2 3 4 5 |  5.1
Necromancy     | 1 2 3 4 5 |  5.1
Translocations | 1 2 3 4 5 |  5.1
Transmutations | 1 2 3 4 5 |  5.1
Fire Magic     | 1 2 3 4 5 |  5.1
Ice Magic      | 1 2 3 4 5 |  5.1
Air Magic      | 1 2 3 4 5 |  5.1
Earth Magic    | 1 2 3 4 5 |  5.1
Poison Magic   | 1 2 3 4 5 |  5.1
Evocations     | 1 2 3 5 6 |  6.1
Polearms       | 5 6 7 |  7.7
Dodging        | 5 6 7 |  7.7
Fighting       | 7 8 9 |  9.1

Action                   |  1- 3 |  4- 6 |  7- 9 | 10-12 || total
-------------------------+-------+-------+-------+-------++-------
Melee: Spear             |    21 |    18 |       |       ||    39
       Bite              |     2 |     7 |    41 |    26 ||    76
       Hand axe          |       |    77 |   342 |   189 ||   608
       Punch             |       |       |    11 |     4 ||    15
       Headbutt          |       |       |       |    41 ||    41
       Unarmed           |       |       |       |     4 ||     4
Throw: Throwing net      |       |       |     1 |       ||     1
 Cast: Vampiric Draining |       |       |    16 |    14 ||    30
       Corpse Rot        |       |       |       |     3 ||     3
       Leda's Liquefacti |       |       |       |     3 ||     3
       Ice Form          |       |       |       |     1 ||     1
Evoke: Wand              |       |     1 |       |       ||     1
  Use: Scroll            |       |       |    17 |     9 ||    26
       Potion            |       |       |     9 |     7 ||    16
 Stab: Sleeping          |       |    13 |    11 |    11 ||    35
       Confused          |       |       |       |     2 ||     2
       Distracted        |       |       |       |     2 ||     2
Armor: Leather armour    |     3 |    12 |    27 |       ||    42
       Steam dragon scal |       |       |    48 |    71 ||   119
       Skin              |       |       |     1 |     5 ||     6
Dodge: Dodged            |    11 |    72 |   276 |   208 ||   567
